Map: Гордость Алтариса РВ

Players

valza - Winner!

  • Race: Protoss Protoss
  • League: Master
  • Spawn Location: 5:00

Pablosc

  • Race: Zerg Zerg
  • League: Master
  • Spawn Location: 11:00

VOD

Have the link to the VOD?

Description

Time

  • Played on: Jan. 24, 2022, 12:20 p.m.
  • Length: 7:52
Show
View Real Time Build Order
Export as new Build Order

valza Protoss - Winner!

Build Orders: Nexus First, Carrier Rush 

Get SALT Encoding   

  12  0:00  Probe  
  13  0:12  Probe  
  14  0:20  Pylon  
  14  0:25  Probe  
  15  0:38  Probe  
  16  0:50  Probe  
  17  0:59  Nexus  
  17  1:10  Gateway  
  17  1:13  Probe (Chrono Boost)  
  18  1:23  Probe (Chrono Boost), Assimilator  
  19  1:28  Probe (Chrono Boost)  
  19  1:32  Assimilator  
  21  1:40  Probe (Chrono Boost)  
  22  1:47  Probe (Chrono Boost)  
  22  1:51  Pylon  
  22  1:54  Probe  
  22  2:00  Cybernetics Core  
  23  2:09  Probe (Chrono Boost), Zealot  
  23  2:14  Probe (Chrono Boost)  
  27  2:20  Probe (Chrono Boost)  
  27  2:22  Probe (Chrono Boost)  
  29  2:25  Probe (Chrono Boost)  
  29  2:27  Probe (Chrono Boost)  
  31  2:35  Probe  
  32  2:39  Stargate, Probe  
  32  2:44  Shield Battery  
  33  2:47  Probe  
  33  2:51  Sentry  
  36  2:53  Probe  
  36  2:56  Assimilator  
  37  2:59  Probe, Assimilator  
  38  3:06  Probe  
  39  3:12  Pylon  
  39  3:15  Probe  
  39  3:18  Probe, Protoss Air Weapons Level 1 (Chrono Boost)  
  41  3:23  Void Ray (Chrono Boost)  
  45  3:29  Probe  
  45  3:30  Probe  
  47  3:41  Probe  
  47  3:43  Probe  
  49  3:53  Probe  
  49  3:54  Fleet Beacon  
  49  3:55  Probe  
  51  4:02  Stargate  
  51  4:05  Probe  
  51  4:07  Pylon  
  52  4:11  Pylon  
  52  4:21  Probe  
  59  4:43  Carrier (Chrono Boost)  
  59  4:44  Carrier (Chrono Boost)  
  65  4:57  Nexus  
  65  4:59  Pylon  
  65  5:03  Pylon  
  65  5:12  Forge  
  66  5:14  Probe (Chrono Boost)  
  66  5:19  Probe (Chrono Boost)  
  66  5:20  Protoss Air Weapons Level 2 (Chrono Boost)  
  67  5:24  Probe (Chrono Boost)  
  67  5:28  Shield Battery, Probe (Chrono Boost)  
  69  5:29  Probe (Chrono Boost)  
  70  5:38  Probe  
  71  5:45  Carrier  
  71  5:48  Photon Cannon  
  77  5:51  Photon Cannon  
  77  5:53  Pylon  
  77  5:55  Carrier  
  83  5:57  Probe (Chrono Boost)  
  85  6:05  Probe (Chrono Boost)  
  85  6:07  Probe (Chrono Boost)  
  85  6:10  Probe (Chrono Boost)  
  87  6:12  Probe x2 (Chrono Boost)  
  87  6:13  Assimilator  
  87  6:18  Assimilator  
  89  6:23  Probe  
  90  6:29  Probe x2  
  90  6:30  Stargate  
  92  6:46  Probe  
  94  6:47  Probe x2  
  95  6:59  Probe x3  
  98  7:04  Nexus  
  98  7:05  Pylon  
  98  7:08  Void Ray  
  98  7:09  Pylon  
  98  7:10  Void Ray  
  98  7:11  Pylon, Probe x3  
  109  7:15  Pylon  
  109  7:23  Probe  
Show
View Real Time Build Order
Export as new Build Order

Pablosc Zerg 

Build Orders: Hatch First 

Get SALT Encoding   

  12  0:00  Drone  
  13  0:12  Overlord  
  13  0:17  Drone  
  14  0:30  Drone x2  
  16  0:47  Hatchery  
  15  0:55  Drone x2  
  17  0:58  Drone  
  18  1:09  Extractor  
  17  1:14  Spawning Pool  
  16  1:24  Drone x2  
  18  1:29  Drone  
  19  1:39  Overlord  
  19  1:57  Drone  
  19  2:00  Queen  
  19  2:01  Zergling x2, Queen  
  24  2:02  Zergling x2  
  26  2:15  Metabolic Boost  
  26  2:18  Drone x2  
  28  2:26  Drone x2  
  30  2:45  Drone  
  30  2:46  Overlord  
  30  2:48  Hatchery  
  30  2:53  Drone x2  
  32  3:00  Pneumatized Carapace  
  32  3:04  Drone x2  
  34  3:08  Drone x2  
  36  3:22  Drone x4  
  40  3:27  Overlord  
  40  3:29  Queen  
  40  3:33  Spore Crawler  
  41  3:36  Spore Crawler  
  40  3:43  Queen  
  40  3:46  Drone x3  
  45  3:50  Drone  
  45  3:51  Drone  
  45  3:52  Drone  
  45  3:54  Drone  
  49  3:59  Drone  
  49  4:00  Drone x2  
  52  4:12  Queen  
  54  4:17  Queen  
  54  4:18  Drone x2  
  58  4:26  Extractor  
  58  4:27  Overlord x2  
  57  4:32  Spore Crawler, Queen  
  57  4:38  Extractor  
  57  4:39  Drone  
  58  4:48  Drone x2  
  60  4:57  Queen  
  60  4:59  Drone  
  63  5:00  Drone x11  
  74  5:09  Overlord x2  
  74  5:20  Evolution Chamber  
  73  5:21  Evolution Chamber, Queen  
  73  5:27  Drone x4  
  78  5:33  Lair  
  78  5:40  Drone x6  
  78  5:41  Drone  
  78  5:42  Drone  
  86  5:45  Extractor x2  
  86  5:47  Overlord  
  84  5:54  Hatchery  
  84  5:56  Zerg Ground Armor Level 1, Zerg Melee Weapons Level 1  
  83  6:04  Queen  
  83  6:06  Queen  
  79  6:40  Queen  
  79  6:41  Queen  
  79  6:46  Drone x4  
  79  6:47  Drone  
  82  6:49  Extractor  
  82  6:50  Spire  
  82  6:52  Spire  
  79  6:57  Overlord x4  
  79  7:06  Queen  
  79  7:07  Spore Crawler  
  80  7:09  Spore Crawler, Queen  
  80  7:11  Drone x3  
  80  7:12  Drone  
  80  7:13  Drone  
  86  7:16  Infestation Pit  
  86  7:21  Drone x4  
  91  7:24  Drone x4  
  91  7:25  Drone x6  
  91  7:26  Drone x2  
Tags
 
Add a new tag
Caveats
  • Supply blocks, unpowered buildings, or Contaminate may cause inaccurate times.
  • Supply counts are checked every 10 seconds.